 Dungeon Crawl Stone Soup version 0.31-a0-233-g139696dc86 (webtiles) character file.

Game seed: 11746901279055119983

14 12572944 the Grave Robber (level 2, 20/20 HPs)
             Began as a Mummy Necromancer on July 8, 2023.
             Quit the game on level 1 of the Dungeon.
             The game lasted 00:04:53 (846 turns).

12572944 the Grave Robber (Mummy Necromancer)        Turns: 846, Time: 00:04:54

Health: 20/20      AC:  2    Str: 11    XL:     2   Next: 31%
Magic:  6/6        EV: 12    Int: 14    God:
Gold:   40         SH:  0    Dex: 12    Spells: 6/7 levels left

rFire   x . .        e - +0 short sword
rCold   + . .        (no shield)
rNeg    + + +        a - +0 robe
rPois   ∞            (no helmet)
rElec   .            (no cloak)
rCorr   .            (no gloves)
SInv    .            (no boots)
Will    .....        (no amulet)
Stlth   ++           (no ring)
HPRegen 0.23/turn    (no ring)
MPRegen 0.10/turn

%: faith
@: no status effects
A: cold resistance 1, negative energy resistance 3, torment resistance 2, heat
vulnerability 1, no potions, faith
a: no special abilities


You were on level 1 of the Dungeon.
You visited 1 branch of the dungeon, and saw 1 of its levels.

You collected 40 gold pieces.

Inventory:

Hand Weapons
 e - a +0 short sword (weapon)
 h - a +0 whip of electrocution
Missiles
 c - 30 stones
Armour
 a - a +0 robe (worn)
 f - a +0 ring mail
Scrolls
 b - a scroll of enchant weapon {unknown}
 d - a scroll of blinking {unknown}
 g - a scroll of identify {unknown}
 i - a scroll of silence {unknown}


   Skills:
 + Level 0.6 Fighting
 + Level 0.1 Short Blades
 + Level 1.7 Dodging
 - Level 1.5 Stealth
 * Level 3.2 Spellcasting
 + Level 4.1 Necromancy


You had 6 spell levels left.
You knew the following spells:

 Your Spells              Type           Power      Damage    Failure   Level
a - Necrotise             Necr           52%        1d6       3%          1

Your spell library contained the following spells:

 Spells                   Type           Power      Damage    Failure   Level
 Vampiric Draining        Necr           13%        2d6       12%         3
 Animate Dead             Necr           13%        N/A       36%         4
 Frozen Ramparts          Ice            4%         1d1       54%         3
 Agony                    Necr           13%        N/A       71%         5
 Summon Ice Beast         Ice/Summ       2%         N/A       91%         4
 Ice Form                 Ice/Tmut       Unusable   N/A       N/A         4

Dungeon Overview and Level Annotations

Branches:
Dungeon (1/15)

Altars:


Innate Abilities, Weirdness & Mutations

You are immune to poison.
Your flesh is cold resistant. (rC+)
You are immune to negative energy. (rN+++)
You are immune to unholy pain and torment.
You are vulnerable to heat. (rF-)
You do not drink.
You have a special connection with the divine. (Faith)


Message History

Casting: Necrotise (safe; 4% risk of failure)
Confirm with . or Enter, or press ? or * to list all spells.
Aiming: Necrotise (safe; 4% risk of failure)
Press: ? - help, Shift-Dir - straight line, f/p - bat
Aim: a bat (chance to affect: 83%)
The bat writhes in agony.
You kill the bat!
The dead are flying!
i - a scroll labelled VEFA FEBRUUM You swap places.
Your bat skeleton crumbles into dust!
An endoplasm comes into view.
Casting: Necrotise (safe; 4% risk of failure)
Confirm with . or Enter, or press ? or * to list all spells.
Aiming: Necrotise (safe; 4% risk of failure)
Press: ? - help, Shift-Dir - straight line, f - endoplasm
Aim: an endoplasm (asleep, chance to affect: 83%)
The endoplasm quivers.
The endoplasm writhes in agony.
Casting: Necrotise (safe; 4% risk of failure)
Confirm with . or Enter, or press ? or * to list all spells.
Aiming: Necrotise (safe; 4% risk of failure)
Press: ? - help, Shift-Dir - straight line, f/p - endoplasm
Aim: an endoplasm (moderately wounded, chance to affect: 83%)
The endoplasm barely resists.
Casting: Necrotise (safe; 4% risk of failure)
Confirm with . or Enter, or press ? or * to list all spells.
Aiming: Necrotise (safe; 4% risk of failure)
Press: ? - help, Shift-Dir - straight line, f/p - endoplasm
Aim: an endoplasm (moderately wounded, chance to affect: 83%)
The endoplasm writhes in agony.
You kill the endoplasm!
Done exploring.
Done exploring.
There is a stone staircase leading down here.
Okay, then.
Are you sure you want to abandon this character and quit the game? (Confirm with "yes".)
Okay, then.
Unknown command.
Are you sure you want to abandon this character and quit the game? (Confirm with "yes".)

.......# #####.........########.
.......# #...#......##.# #.
#......####...###.#####.##### #.
#...##.........##.###.......# #.
#..............##...#.#.###.# #.
#...#..........##.#.#.....#.#####
#.#...#........###......#.#......
#...........!..###....)...######.
###)#.#.........@#.###.......####
###)#.#....###.#.#.# #...........
#..........#...#.#.# #.......####
#.###.....##.....#.# #.......###
#.# #.....##..##.#.#####.......#
#.# #.....##.....#.......###.#.##
#.# #.....####.#.#######.# #.....
#.# #..........#.#######.# ###.#.
..# #......##..........#.## #.#.


There were no monsters in sight!

Vanquished Creatures
  An endoplasm (D:1)
  A goblin (D:1)
  A ball python (D:1)
  2 bats (D:1)
  A frilled lizard (D:1)
  5 kobolds (D:1)
  3 rats (D:1)
14 creatures vanquished.

Vanquished Creatures (collateral kills)
  An endoplasm (D:1)
1 creature vanquished.

Grand Total: 15 creatures vanquished

Notes
Turn   | Place    | Note
-------+----------+-------------------------------------------
     0 | D:1      | 12572944 the Mummy Necromancer began the quest for the Orb.
     0 | D:1      | Reached XP level 1. HP: 13/13 MP: 4/4
   342 | D:1      | Reached XP level 2. HP: 20/20 MP: 0/6
   347 | D:1      | !bestwep
   846 | D:1      | Quit the game

Illustrated notes

#..... ...... # ..... .#
#.... .####.
#...##......
#........... #.........
#.$.#.(..... #..........
#.#Z@.#....
#.8..8.8!.8.#...Z.......
#..÷.....÷..###)#.#.....
#..÷....÷÷..###)#.#....#
#.8..8.8..8.#..........#
#...........#.###.....##
#...........#.# .....#
#...........#.# .....#
#...........#.# ....#
#.#.#


Turn 347 on D:1: !bestwep

Levels and vault maps discovered:
D:1:      giann_forest_graveyard, layout_basic

Skill      XL: |  1 |
---------------+----+-----
Spellcasting   | 3 |  3.2
Fighting       | |  0.6
Short Blades   | |  0.1
Dodging        | |  1.7
Stealth        | |  1.5
Necromancy     | |  4.1

Action                     || total
---------------------------++-------
  Melee: Unarmed           ||     4
         Short sword       ||     4
  Throw: Stone             ||     2
   Cast: Necrotise         ||    24
 Armour: Robe              ||     2
  Dodge: Dodged            ||    16

Table legend: (Time is in decaauts)
 A = Elapsed time spent in this place.
 B = Non-inter-level travel time spent in this place.
 C = Inter-level travel time spent in this place.
 D = Time resting spent in this place.
 E = Time spent auto-exploring this place.
 F = Levels seen in this place.
 G = Mean time per level.
                   A        B        C        D        E       F      G
               +--------+--------+--------+--------+--------+-----+--------+
         Total |    845 |    816 |     29 |      0 |    711 |   1 |  845.0 |
       Dungeon |    845 |    816 |     29 |      0 |    711 |   1 |  845.0 |
               +--------+--------+--------+--------+--------+-----+--------+

Top non-repeatable levels by time:
     D:1: 845 daAuts
